 Dungeon Crawl Stone Soup version 0.31.0-11-ge490571c62 (webtiles) character file.

Game seed: 15248104480827997501

9 threeleaves the Apothecary (level 2, 19/19 HPs)
             Began as a Demonspawn Alchemist on Feb 10, 2024.
             Got out of the dungeon alive.
             The game lasted 00:01:52 (271 turns).

threeleaves the Apothecary (Demonspawn Alchemist)    Turns: 271, Time: 00:01:52

Health: 19/19      AC:  2    Str:  8    XL:     2   Next: 3%
Magic:  4/5        EV: 12    Int: 15    God:
Gold:   19         SH:  4    Dex: 13    Spells: 4/5 levels left

rFire   . . .        (no weapon)
rCold   . . .        (no shield)
rNeg    . . .        a - +0 robe
rPois   .            (no helmet)
rElec   .            (no cloak)
rCorr   .            (no gloves)
SInv    .            (no boots)
Will    .....        (no amulet)
Stlth   ++           (no ring)
HPRegen 0.23/turn    (no ring)
MPRegen 0.09/turn

%: no passive effects
@: no status effects
A: condensation shield
a: no special abilities


You escaped.
You visited 1 branch of the dungeon, and saw 1 of its levels.

You collected 19 gold pieces.

Inventory:

Missiles
 c - 3 stones
Armour
 a - a +0 robe (worn)
Potions
 b - a potion of magic
 d - a potion of brilliance {unknown}


   Skills:
 - Level 1.7 Dodging
 - Level 1.7 Stealth
 + Level 2.2 Spellcasting
 + Level 1.4 Conjurations
 + Level 3.2 Alchemy


You had 4 spell levels left.
You knew the following spells:

 Your Spells              Type           Power      Damage    Failure   Level
a - Sting                 Conj/Alch      32%        1d5       9%          1

Your spell library contained the following spells:

 Spells                   Type           Power      Damage    Failure   Level
 Mercury Vapours          Alch/Air       12%        N/A       17%         2
 Mephitic Cloud           Conj/Alch/Air  6%         N/A       34%         3
 Olgreb's Toxic Radiance  Alch           11%        N/A       50%         4
 Sticky Flame             Fire/Alch      6%         2d4       75%         4


Dungeon Overview and Level Annotations

Branches:
Dungeon (1/15)

Altars:


Innate Abilities, Weirdness & Mutations

A meltable shield of frost defends you. (SH +4)


Message History

There is an open door here.
Found a stone staircase leading down.
You now have 19 gold pieces (gained 7).
A kobold comes into view. It is wielding a +0 club.
The sting hits the dart slug but does no damage.
The dart slug is poisoned.
The sting hits the dart slug.
The dart slug looks even sicker.
The dart slug is moderately wounded.
The dart slug bites you but does no damage.
The sting hits the dart slug.
The dart slug looks even sicker.
You kill the dart slug!
A frilled lizard comes into view.
The frilled lizard hisses angrily.
The kobold shouts!
You start waiting.
A kobold is nearby!
A kobold is nearby!
You miscast Sting.
You are very lightly contaminated with residual magic.
Nothing appears to happen.
The sting hits the kobold.
The kobold is poisoned.
You kill the kobold!
You have reached level 2!
Your demonic ancestry asserts itself...
Frost condenses into a shield before you.
The sting hits the frilled lizard.
The frilled lizard is poisoned.
You kill the frilled lizard!
You are out of magic!
Casting: Sting (safe; 9% risk of failure)
Confirm with . or Enter, or press ? or * to list all spells.
You don't know that spell.
You see here a +0 club.
You see here a frilled lizard corpse.
Your magical contamination has completely faded away.
You see here a staff of earth.
Unknown command.
You see here a frilled lizard corpse.
You see here a +0 club.
There is a staircase leading out of the dungeon here.
You can't go down here!
You have escaped!

... #.. ######.##### #..
#...# ...... #..
#.@.###....# +..
#.#....##....######..
#.####.##....#.......
#......##....#.......
#.โ‰ˆโ‰ˆ....#....#.......
#.ยงโ‰ˆ....##.......####
#.......##.######....
#.......##.######....
.................#....


There were no monsters in sight!

Vanquished Creatures
  A dart slug (D:1)
  2 ball pythons (D:1)
  A giant cockroach (D:1)
  A goblin (D:1)
  A frilled lizard (D:1)
  A kobold (D:1)
7 creatures vanquished.

Notes
Turn   | Place    | Note
-------+----------+-------------------------------------------
     0 | D:1      | threeleaves the Demonspawn Alchemist began the quest for
                  | the Orb.
     0 | D:1      | Reached XP level 1. HP: 13/13 MP: 3/3
   221 | D:1      | Gained mutation: A meltable shield of frost defends you.
                  | (SH +4) [demonic ancestry]
   221 | D:1      | Reached XP level 2. HP: 19/19 MP: 1/5
   271 | D:$      | Got out of the dungeon alive.

Illustrated notes

Levels and vault maps discovered:
D:1:      amcnicky_arrival_single_pillar, layout_basic, minmay_surrounded

Action                     || total
---------------------------++-------
  Melee: Unarmed           ||     5
   Cast: Sting             ||    12
 Armour: Robe              ||     6
  Dodge: Dodged            ||     8
